 Dungeon Crawl Stone Soup version 0.26.0-10-g1f06aea511 (webtiles) character file.

Game seed: 1973358251013854382

101 Delamore the Shield-Bearer (level 4, -1/29 HPs)
             Began as a Gargoyle Fighter on Jan 14, 2021.
             Was a Follower of Vehumet.
             Slain by a gnoll
             ... wielding a cursed +0 halberd
              (6 damage)
             ... on level 3 of the Dungeon.
             The game lasted 00:01:32 (1335 turns).

Delamore the Shield-Bearer (Gargoyle Fighter)       Turns: 1335, Time: 00:01:32

Health: -1/29      AC: 11    Str: 20    XL:     4   Next: 75%
Magic:  4/4        EV:  7    Int:  9    God:    Vehumet [*.....]
Gold:   137        SH:  9    Dex:  9    Spells: 3/3 levels left

rFire    . . .     SeeInvis .   u - +2 mace (protect)
rCold    . . .     Faith    .   c - +0 kite shield
rNeg     + . .     Spirit   .   b - +0 scale mail
rPois    ∞         Reflect  .   (no helmet)
rElec    +         Harm     .   (no cloak)
rCorr    +         Rampage  .   m - +0 pair of gloves
Will     .....                  (no boots)
Stlth    ..........             (no amulet)
HPRegen  0.09/turn              g - ring of resist corrosion
MPRegen  0.09/turn              (no ring)

@: no status effects
A: negative energy resistance 1, electricity resistance, unbreathing,
petrification resistance, miasma immunity, AC +3
a: Renounce Religion


You were on level 3 of the Dungeon.
You worshipped Vehumet.
Vehumet was aware of your devotion.
You visited 1 branch of the dungeon, and saw 3 of its levels.

You collected 137 gold pieces.

Inventory:

Hand Weapons
 a - a +0 flail
 u - a +2 mace of protection (weapon)
Missiles
 t - 11 poisoned darts (quivered)
Armour
 b - a +0 scale mail (worn)
 c - a +0 kite shield (worn)
 m - a +0 pair of gloves (worn)
Jewellery
 g - a ring of resist corrosion (left hand)
Wands
 s - a wand of random effects (27)
Scrolls
 e - 3 scrolls of identify {unknown}
 j - 2 scrolls of amnesia {unknown}
 k - a scroll of teleportation {unknown}
 o - 2 scrolls of fog {unknown}
Potions
 d - a potion of might
 f - 2 potions of resistance {unknown}
 h - 3 potions of curing {unknown}
 i - a potion of lignification {unknown}
 l - a potion of haste {unknown}
 n - a potion of berserk rage {unknown}
 p - a potion of invisibility {unknown}
 q - a potion of attraction {unknown}
 r - a potion of heal wounds {unknown}


   Skills:
 + Level 4.3 Fighting
 + Level 3.1 Maces & Flails
 - Level 3.2 Armour
 + Level 4.3 Shields


You had 3 spell levels left.
You didn't know any spells.
Your spell library was empty.

Dungeon Overview and Level Annotations

Branches:
Dungeon (3/15)

Altars:
Ru
Uskayaw
Vehumet
Xom


Innate Abilities, Weirdness & Mutations

You are resistant to torment.
Your stone body is resilient. (AC +3)
You are immune to poison.
You resist negative energy. (rN+)
You are resistant to electric shocks. (rElec)
You can survive without breathing.
You are immune to petrification.
You are immune to miasma.


Message History

The gnoll barely misses you. You block the leopard gecko's attack.
You sock the leopard gecko!
Your weapon exudes an aura of protection.
You kill the leopard gecko!
Vehumet accepts your kill. You block the gnoll's attack.
The gnoll hits you but does no damage. You block the gnoll's attack. x2
You see here a leopard gecko corpse.
You closely miss the gnoll. The gnoll hits you but does no damage.
The gnoll hits you with a +0 spear.
* * * LOW HITPOINT WARNING * * *
You block the gnoll's attack. The gnoll closely misses you.
You block the gnoll's attack. x2
You barely miss the gnoll.
The gnoll hits you but does no damage. x2
You block the gnoll's attack. The gnoll barely misses you.
You barely miss the gnoll. You block the gnoll's attack. x2
The gnoll barely misses you.
The gnoll hits you with a cursed +0 halberd.
You die...

.## ..# #.# #.# #
#.# ...#.# #.# #.#..
#.# #.#.#######
#.#######.....)g@.#
†..............g####
†.######..#.#.gg...#
#..#####.##)#......#
.........).).......#
#..####..#.........#
...# #.#..........#
...# #..#.[##......#
##.[#...!<###......#


You could see 4 gnolls.

Vanquished Creatures
  Jessica (D:2)
  An adder (D:3)
  3 worms
  3 leopard geckos
  3 orcs (D:3)
  3 giant cockroaches
  11 goblins
  5 hobgoblins
  A jackal (D:1)
  6 kobolds (D:1)
  A ball python (D:3)
  2 bats
  6 frilled lizards
  7 rats
53 creatures vanquished.

Notes
Turn   | Place    | Note
-------+----------+-------------------------------------------
     0 | D:1      | Delamore the Gargoyle Fighter began the quest for the Orb.
     0 | D:1      | Reached XP level 1. HP: 14/14 MP: 1/1
    52 | D:1      | Reached XP level 2. HP: 16/19 MP: 2/2
   562 | D:1      | Reached XP level 3. HP: 20/24 MP: 3/3
   710 | D:2      | Found a shimmering altar of Xom.
   710 | D:2      | Found a hide-covered altar of Uskayaw.
   711 | D:2      | Found a sacrificial altar of Ru.
   913 | D:2      | Noticed Jessica
   919 | D:2      | Killed Jessica
   920 | D:2      | Reached XP level 4. HP: 27/29 MP: 4/4
  1115 | D:2      | Found a faded altar of an unknown god.
  1128 | D:2      | Became a worshipper of Vehumet
  1128 | D:2      | Reached * piety under Vehumet
  1128 | D:2      | Offered knowledge of Shock by Vehumet.
  1335 | D:3      | Slain by a gnoll

Illustrated notes

Levels and vault maps discovered:
D:1:      saegor_arrival_miasma, layout_basic, minmay_bisected
D:2:      layout_basic, chequers_temple_overflow_statue_of_worship,
          chequers_ecumenical_altar_simple, uniq_jessica
D:3:      layout_rooms, minmay_fractal_squares_gapless_5

Skill      XL: |  1  2  3  4 |
---------------+-------------+-----
Fighting       | 4 |  4.3
Shields        | 4 |  4.3
Maces & Flails | 3 |  3.1
Armour         | |  3.2

Action                   |  1- 3 |  4- 6 || total
-------------------------+-------+-------++-------
Melee: Flail             |   102 |    11 ||   113
       Mace              |       |    43 ||    43
Armor: Scale mail        |    48 |    51 ||    99
Dodge: Dodged            |    49 |    47 ||    96
Block: Kite shield       |    51 |    43 ||    94
